AoeStats
← NAGA HITAM

Arena

504724625Analyzed
4v4 RM · 25d ago on Sep 6, 2026· 54m 54s· 8 players
Game mode
Random Map
Map size
Large (8 player)
Population
200
Speed
Normal
Resources
Standard
Victory
Conquest
Starting age
Dark Age
Ending age
Imperial Age
RankedLock teamsTeams togetherTeam positionsShared explorationLock speedFull tech treeHidden civsTurbo modeCheats
Victory
Defeat
🇨🇳 Franks · China
927
+15
🇮🇩 Khmer · Indonesia
891
+16
🇨🇳 Poles · China
856
+18
845
+18
🇳🇴 Bohemians · Norway
999
-22
🇹🇷 Chinese · Türkiye
910
-17
🇳🇴 Britons · Norway
885
-16
🇨🇿 Italians · Czechia
776
-31
打帝国需要戴老花镜
4:17 Loom
11:26 Feudal Age
12:58 Double-Bit Axe
17:31 Castle Age
17:21 Gold Mining
17:13 Horse Collar
18:04 Stone Mining
18:15 Fletching
19:02 Padded Archer Armor
19:23 Town Watch
21:14 Leather Archer Armor
22:25 Crossbowman
23:39 Heavy Plow
24:16 Bodkin Arrow
26:08 Wheelbarrow
30:38 Imperial Age
29:36 Elite Skirmisher
30:47 Forging
30:50 Arbalester
32:07 Thumb Ring
33:27 Bracer
33:12 Capped Ram
35:51 Conscription
36:34 Scale Mail Armor
36:29 Champi Runner
37:28 Squires
37:46 Chain Mail Armor
38:33 Iron Casting
37:33 Champi Warrior
38:32 Elite Champi Warrior
45:57 Huaracas
47:12 Plate Mail Armor
2026
0:27 Loom
10:38 Feudal Age
15:20 Castle Age
30:16 Imperial Age
30:24 Cavalier
31:58 Paladin
33:06 Ballistics
33:41 Town Watch
34:35 Wheelbarrow
36:09 Murder Holes
36:06 Fletching
36:35 Husbandry
38:05 Scale Barding Armor
38:11 Forging
38:21 Hand Cart
38:24 Bodkin Arrow
40:48 Iron Casting
41:19 Chemistry
41:31 Chain Barding Armor
41:54 Light Cavalry
43:36 Blast Furnace
44:03 Gold Mining
45:24 Plate Barding Armor
45:58 Double-Bit Axe
47:59 Bow Saw
51:09 Hoardings
53:27 Gold Shaft Mining
52:45 Stone Mining
52:58 Town Patrol
54:13 Scale Mail Armor
53:39 Pikeman
54:20 Squires
54:07 Gambesons
LLHKHAIHDIUA
9:45 Feudal Age
11:14 Double-Bit Axe
11:12 Horse Collar
17:59 Castle Age
18:19 Loom
19:14 Wheelbarrow
19:07 Bow Saw
20:33 Gold Mining
21:20 Heavy Plow
29:20 Imperial Age
27:43 Hand Cart
27:53 Stone Mining
29:03 Forging
29:00 Scale Barding Armor
31:27 Crop Rotation
31:53 Iron Casting
31:39 Chain Barding Armor
35:23 Blast Furnace
35:34 Szlachta Privileges
35:54 Lechitic Legacy
35:55 Conscription
36:06 Conscription
35:48 Husbandry
35:58 Bloodlines
35:17 Light Cavalry
36:05 Town Watch
36:57 Caravan
37:01 Scale Mail Armor
36:52 Fletching
36:41 Winged Hussar
37:26 Town Patrol
37:34 Town Patrol
37:54 Elite Obuch
39:12 Hoardings
38:21 Treadmill Crane
39:02 Ballistics
39:42 Chemistry
38:54 Fortified Wall
40:19 Bodkin Arrow
40:25 Padded Archer Armor
42:26 Bracer
42:41 Leather Archer Armor
42:42 Chain Mail Armor
45:45 Stone Shaft Mining
46:41 Plate Mail Armor
45:51 Elite Skirmisher
48:32 Man-at-Arms
49:13 Squires
48:59 Arson
49:27 Siege Engineers
49:25 Long Swordsman
50:57 Two-Handed Swordsman
52:02 Cavalier
52:25 Champion
54:54 Murder Holes
NAGA HITAM
0:37 Loom
11:06 Feudal Age
15:39 Castle Age
14:29 Double-Bit Axe
16:47 Padded Archer Armor
16:38 Fletching
18:30 Bodkin Arrow
22:09 Bow Saw
26:47 Leather Archer Armor
32:45 Imperial Age
30:40 Horse Collar
33:03 Heavy Scorpion
35:06 Tusk Swords
35:11 Double Crossbow
36:10 Bracer
36:41 Ring Archer Armor
44:42 Forging
52:21 Iron Casting
52:25 Wheelbarrow
51:38 Town Watch
51:32 Sappers
Sanguineman
8:08 Loom
9:54 Feudal Age
9:16 Loom
10:26 Double-Bit Axe
11:18 Wheelbarrow
12:32 Horse Collar
18:51 Castle Age
19:10 Padded Archer Armor
19:01 Fletching
19:07 Crossbowman
25:05 Leather Archer Armor
25:27 Bodkin Arrow
27:42 Ballistics
31:22 Bow Saw
34:16 Imperial Age
34:16 Elite Longbowman
35:09 Gold Mining
35:14 Stone Mining
36:00 Bracer
37:25 Chemistry
38:05 Ring Archer Armor
Bubak_od_Vedle
9:03 Feudal Age
12:29 Wheelbarrow
12:46 Horse Collar
12:56 Double-Bit Axe
16:08 Gold Mining
16:09 Stone Mining
terracotta
0:32 Loom
11:58 Feudal Age
12:25 Horse Collar
17:03 Castle Age
19:18 Double-Bit Axe
23:05 Fletching
26:20 Bodkin Arrow
27:02 Fortified Wall
31:50 Imperial Age
30:14 Murder Holes
31:25 Ballistics
31:56 Great Wall
31:57 Gold Mining
32:34 Masonry
32:58 Bow Saw
33:48 Gold Shaft Mining
33:19 Squires
34:43 Two-Man Saw
34:49 Architecture
35:45 Arrowslits
36:41 Bracer
37:04 Conscription
36:34 Heavy Rocket Cart
37:10 Stone Mining
37:58 Wheelbarrow
37:11 Town Watch
38:47 Stone Shaft Mining
38:54 Heavy Plow
39:45 Arson
40:40 Hand Cart
41:04 Rocketry
40:59 Thumb Ring
41:13 Elite Fire Lancer
42:06 Padded Archer Armor
44:25 Chemistry
42:57 Elite Skirmisher
44:23 Coinage
45:18 Banking
46:27 Bombard Tower
46:20 Forging
48:02 Iron Casting
48:36 Pikeman
48:37 Man-at-Arms
WolfAtic
13:44 Feudal Age
14:16 Double-Bit Axe
14:14 Horse Collar
18:42 Castle Age
19:42 Bow Saw
19:33 Heavy Plow
20:38 Fervor
25:03 Redemption
25:13 Redemption
28:55 Imperial Age
27:50 Wagenburg Tactics
29:41 Chemistry
29:01 Ballistics
28:55 Masonry
28:56 Loom
30:10 Block Printing
30:22 Illumination
30:12 Redemption
30:41 Conscription
31:43 Town Watch
32:34 Wheelbarrow
32:05 Hussite Reforms
31:59 Treadmill Crane
33:39 Hand Cart
34:09 Illumination
34:38 Elite Hussite Wagon
35:19 Fletching
35:33 Padded Archer Armor
36:31 Bodkin Arrow
36:54 Houfnice
38:59 Two-Man Saw
39:16 Siege Engineers
39:41 Architecture
39:31 Atonement
39:42 Redemption
39:32 Devotion
40:09 Theocracy
39:54 Sanctity
41:29 Heresy
43:41 Faith
43:53 Pikeman
44:34 Squires
44:19 Arson
45:19 Forging
45:09 Scale Mail Armor
45:10 Bracer
45:25 Leather Archer Armor
44:42 Halberdier
48:25 Iron Casting
48:05 Chain Mail Armor
52:04 Fortified Wall
Connection lost

Rejoining the realm…

Still unreachable

The connection could not be restored.

Session expired

The server has moved on; the page needs a fresh start.